 Dungeon Crawl Stone Soup version 0.29-a0-275-g389c0b56f3 (webtiles) character file.

Game seed: 9335252976410014202

90 PaleWalker the Slasher (level 4, -13/33 HPs)
             Began as a Djinni Gladiator on Mar 10, 2022.
             Killed from afar by a kobold (45 damage)
             ... with a bolt of acid
             ... on level 3 of the Dungeon.
             The game lasted 00:03:47 (2390 turns).

PaleWalker the Slasher (Djinni Gladiator)           Turns: 2390, Time: 00:03:47

Health: -13/33     AC:  4    Str: 13    XL:     4   Next: 85%
Gold:   128        EV: 12    Int: 11    God:
                   SH:  0    Dex: 15

rFire   + + +      SeeInvis .   a - +0 long sword
rCold   . . .      Faith    .   (no shield)
rNeg    . . .      Spirit   .   b - +0 leather armour
rPois   ∞          Reflect  .   c - +0 helmet
rElec   .          Harm     .   n - scarf {rC+ rF+}
rCorr   .          Rampage  .   (no gloves)
Will    +....                   (boots unavailable)
Stlth   +.........              (no amulet)
HPRegen 0.11/turn               p - +4 ring of slaying
MPRegen 0.00/turn               t - ring of willpower

@: flying
A: sickness immunity, fire resistance 2, cold vulnerability 1, float, innate
caster, HP casting, extra vitality 1
a: no special abilities


You were on level 3 of the Dungeon.
You visited 1 branch of the dungeon, and saw 3 of its levels.

You collected 128 gold pieces.

Inventory:

Hand Weapons
 a - a +0 long sword (weapon)
Missiles
 d - 3 throwing nets (quivered)
 e - a javelin
 l - 5 silver javelins
Armour
 b - a +0 leather armour (worn)
 c - a +0 helmet (worn)
 n - a scarf of resistance (worn)
Jewellery
 j - an amulet of faith
 p - a +4 ring of slaying (left hand)
 t - a ring of willpower (right hand)
Scrolls
 g - 2 scrolls of vulnerability {unknown}
 h - a scroll of immolation {unknown}
 k - 2 scrolls of identify {unknown}
 o - a scroll of fear {unknown}
 q - a scroll of noise {unknown}
 r - a scroll of torment {unknown}
 s - a scroll of teleportation {unknown}
Potions
 f - a potion of might {unknown}
 i - a potion of brilliance {unknown}
 m - a potion of curing {unknown}


   Skills:
 - Level 2.0 Fighting
 + Level 3.4 Long Blades
 - Level 1.5 Throwing
 - Level 3.2 Dodging
 * Level 2.4 Spellcasting


You had 6 spell levels left.
You knew the following spells:

 Your Spells              Type           Power      Damage    Failure   Level
a - Freeze                Ice            24%        1d5       13%         1
Your spell library was empty.

Dungeon Overview and Level Annotations

Branches:
Dungeon (3/15)

Altars:


Innate Abilities, Weirdness & Mutations

You are immune to sickness and miasma.
You are immune to poison.
Your flesh is very heat resistant. (rF++)
You are vulnerable to cold. (rC-)
You float through the air rather than walking.
You learn spells naturally, not from books.
Your magical power is your life essence.
You have superior vitality. (+4 MHP)


Message History

You closely miss the gnoll. The gnoll closely misses you.
You closely miss the gnoll. The gnoll hits you with a +0 spear.
The gnoll misses you.
You barely miss the gnoll. The gnoll barely misses you.
You hit the gnoll. You punch the gnoll, but do no damage.
The gnoll is moderately wounded.
The gnoll barely misses you.
You slash the gnoll!
The gnoll is almost dead.
The gnoll hits you with a +0 spear!
You hit the gnoll.
You kill the gnoll!
k - 2 scrolls labelled FIKHUM ISYDE (gained 1)
Things that are here:
a +0 spear; a gnoll corpse You see here a jackal corpse.
There is a stone staircase leading down here.
You start resting.
HP restored.
You fly downwards.
There is a stone staircase leading up here.
You now have 115 gold pieces (gained 11).
You now have 128 gold pieces (gained 13).
The jackal barks!
You hear a shout! x2; You hear an angry hiss.
The jackal misses you. The jackal barely misses you.
You hit the jackal.
You kill the jackal!
The jackal bites you.
A kobold comes into view.
It is wielding a +0 dagger and carrying a wand of acid (6).
The jackal bites you but does no damage.
You closely miss the jackal.
The jackal bites you but does no damage.
A kobold comes into view. It is wielding a +0 dagger.
You hit the jackal.
You kill the jackal!
An adder comes into view.
The adder hisses angrily.
The kobold zaps a wand.
The bolt of acid hits you!!!
Ouch! That really hurt!
You die...

#.#..# #......
#.#####....###
......(
#............$
...#### #.<...# #
# #######....##
#....#.....#
#......#..##
#....###..###.###
#....# #.@.....S.
#....# #....#.###
###### #....#
....K# #......
........
#...#..... #..#
....#.


You could see an adder and a kobold.

Vanquished Creatures
  A gnoll (D:2)
  2 adders (D:2)
  A worm (D:2)
  2 dart slugs
  4 ball pythons
  4 bats
  7 endoplasms
  5 giant cockroaches
  A hobgoblin (D:1)
  7 jackals
  2 kobolds
  2 quokkas (D:1)
  3 frilled lizards
  4 goblins
  3 rats (D:2)
48 creatures vanquished.

Notes
Turn   | Place    | Note
-------+----------+-------------------------------------------
     0 | D:1      | PaleWalker the Djinni Gladiator began the quest for the
                  | Orb.
     0 | D:1      | Reached XP level 1. HP: 18/18 MP: 0/0
    28 | D:1      | Reached XP level 2. HP: 8/23 MP: 0/0
    33 | D:1      | Reached skill level 1 in Spellcasting
   424 | D:1      | Reached XP level 3. HP: 24/28 MP: 0/0
   424 | D:1      | Learned a level 1 spell: Freeze
   679 | D:1      | Found a faded altar of an unknown god.
  1337 | D:2      | Reached XP level 4. HP: 32/33 MP: 0/0
  1856 | D:2      | Identified the +9 plate armour of Homo {-Cast +Inv rElec
                  | rPois}
  2390 | D:3      | Killed from afar by a kobold

Illustrated notes

Levels and vault maps discovered:
D:1:      eino_arrival_druids_welcome, layout_basic,
          hellmonk_ecumenical_altar_inner_sanctum
D:2:      layout_loops_corners
D:3:      layout_rooms, uniq_terence, uniq_jessica

Skill      XL: |  1  2  3  4 |
---------------+-------------+-----
Spellcasting   | 1 2 |  2.4
Long Blades    | 3 |  3.4
Fighting       | |  2.0
Throwing       | |  1.5
Dodging        | |  3.2

Action                   |  1- 3 |  4- 6 || total
-------------------------+-------+-------++-------
Melee: Long sword        |    78 |    45 ||   123
       Punch             |     1 |     1 ||     2
 Cast: Freeze            |     4 |       ||     4
 Stab: Sleeping          |     2 |       ||     2
Armor: Leather armour    |    26 |     9 ||    35
Dodge: Dodged            |    44 |    34 ||    78

Table legend: (Time is in decaauts)
 A = Elapsed time spent in this place.
 B = Non-inter-level travel time spent in this place.
 C = Inter-level travel time spent in this place.
 D = Time resting spent in this place.
 E = Time spent auto-exploring this place.
 F = Levels seen in this place.
 G = Mean time per level.
                   A        B        C        D        E       F      G
               +--------+--------+--------+--------+--------+-----+--------+
         Total |   2421 |   2341 |     80 |    180 |   1776 |   3 |  807.0 |
       Dungeon |   2421 |   2341 |     80 |    180 |   1776 |   3 |  807.0 |
               +--------+--------+--------+--------+--------+-----+--------+

Top non-repeatable levels by time:
     D:2: 1216 daAuts
     D:1: 1149 daAuts
     D:3: 56 daAuts
